 Seeded DCSS version 0.30.1-11-g7821555f0a (webtiles) character file.

Game seed: 6351066067085065685 (custom seed)

759 Esekla the Thaumaturge (level 7, -2/36 HPs)
             Began as a Deep Elf Wanderer on Nov 21, 2023.
             Was a Believer of Vehumet.
             Slain by an ice beast (12 damage)
             ... on level 6 of the Dungeon.
             The game lasted 00:32:02 (3962 turns).

Esekla the Thaumaturge (Deep Elf Wanderer)          Turns: 3962, Time: 00:32:03

Health: -2/36      AC:  4    Str: 11    XL:     7   Next: 50%
Magic:  12/21      EV: 12    Int: 20    God:    Vehumet [**....]
Gold:   287        SH:  4    Dex: 14    Spells: 14/24 levels left

rFire   . . .        s - +5 rapier of the Hero {heavy, rN+ Dex+3}
rCold   . . .        d - +0 buckler
rNeg    + . .        c - +0 robe
rPois   .            l - +0 helmet
rElec   .            (no cloak)
rCorr   .            k - +0 pair of gloves
SInv    .            (no boots)
Will    .....        z - amulet of magic regeneration
Stlth   ++           (no ring)
HPRegen 0.26/turn    (no ring)
MPRegen 0.57/turn

%: no passive effects
@: no status effects
A: no striking features
a: Renounce Religion


You were on level 6 of the Dungeon.
You worshipped Vehumet.
Vehumet was pleased with you.
You visited 1 branch of the dungeon, and saw 6 of its levels.

You collected 287 gold pieces.

Inventory:

Hand Weapons
 a - a +2 vampiric dagger
 r - a +0 trident
 s - the +5 rapier of the Hero (weapon) {heavy, rN+ Dex+3}
   (You found it on level 3 of the Dungeon)

   Dex:       It affects your dexterity (+3).
   rN:        It protects you from negative energy.
Missiles
 u - 8 poisoned darts (quivered)
Armour
 c - a +0 robe (worn)
 d - a +0 buckler (worn)
 k - a +0 pair of gloves (worn)
 l - a +0 helmet (worn)
Jewellery
 z - an amulet of magic regeneration (around neck)
Wands
 q - a wand of roots (16)
 A - a wand of flame (15)
Scrolls
 g - 5 scrolls of identify {unknown}
 n - a scroll of enchant armour {unknown}
 o - 2 scrolls of amnesia {unknown}
 p - a scroll of immolation {unknown}
 t - 2 scrolls of blinking {unknown}
 v - 2 scrolls of fog {unknown}
 x - a scroll of silence {unknown}
 y - a scroll of magic mapping {unknown}
 B - 2 scrolls of fear
 C - a scroll of summoning {unknown}
 D - 3 scrolls of enchant weapon {unknown}
Potions
 b - 2 potions of lignification
 e - a potion of ambrosia {unknown}
 f - 2 potions of attraction {unknown}
 h - 2 potions of heal wounds {unknown}
 i - 5 potions of curing {unknown}
 j - a potion of haste {unknown}
 m - a potion of mutation {unknown}
 w - 3 potions of brilliance {unknown}


   Skills:
 + Level 1.3 Short Blades
 + Level 0.3 Throwing
 * Level 3.6 Dodging
 + Level 1.6 Stealth
 + Level 1.6 Shields
 * Level 9.2 Spellcasting
 + Level 1.3 Conjurations
 * Level 3.6 Necromancy
 + Level 3.0 Translocations
 + Level 0.1 Fire Magic
 + Level 1.0 Invocations


You had 14 spell levels left.
You knew the following spells:

 Your Spells              Type           Power      Damage    Failure   Level
a - Magic Dart            Conj           56%        1d5       6%          1
b - Blink                 Tloc           42%        N/A       4%          2
d - Vampiric Draining     Necr           23%        2d7       8%          3
n - Ignite Poison         Fire/Tmut/Pois 9%         N/A       32%         3
p - Apportation           Tloc           42%        N/A       3%          1

Your spell library contained the following spells:

 Spells                   Type           Power      Damage    Failure   Level
 Kiss of Death            Conj/Necr      76%        2d11      4%          1
 Lesser Beckoning         Tloc           42%        N/A       4%          2
 Gell's Gravitas          Tloc           21%        N/A       10%         3
 Teleport Other           Tloc           21%        N/A       10%         3
 Spider Form              Tmut/Pois      9%         N/A       32%         3
 Cause Fear               Hex            4%         N/A       73%         4
 Summon Mana Viper        Hex/Summ       9%         N/A       97%         5


Dungeon Overview and Level Annotations

Branches:
Dungeon (6/15)
 Temple: D:4-7

Altars:
Dithmenos
Hepliaklqana
Okawaru
Qazlal
Trog
Vehumet
Zin
The Shining One

Shops:
D:2 =   D:4 (

Annotations:
D:6 Blork the orc


Message History

Press: ? - help, Shift-Dir - straight line, f/p - ice beast
Aim: an ice beast (lightly wounded, 100% to hit)
The magic dart hits the ice beast but does no damage.
The ice beast is lightly wounded.
Casting: Magic Dart (safe; 6% risk of failure)
Confirm with . or Enter, or press ? or * to list all spells.
Aiming: Magic Dart (safe; 6% risk of failure)
Press: ? - help, Shift-Dir - straight line, f/p - ice beast
Aim: an ice beast (lightly wounded, 100% to hit)
The magic dart hits the ice beast.
The ice beast is lightly wounded.
You closely miss the ice beast.
The ice beast is lightly wounded.
The ice beast hits you. The ice beast freezes you!
The ice beast barely misses you.
Casting: Magic Dart (safe; 6% risk of failure)
Confirm with . or Enter, or press ? or * to list all spells.
Aiming: Vampiric Draining (dangerous; 8% risk of failure)
Press: ? - help, Shift-Dir - straight line, f/p - ice beast
Aim: an ice beast (lightly wounded)
You draw life force from the ice beast.
You feel life coursing into your body. The ice beast hits you.
The ice beast freezes you!
* * * LOW HITPOINT WARNING * * *
Casting: Vampiric Draining (dangerous; 8% risk of failure)
Confirm with . or Enter, or press ? or * to list all spells.
Aiming: Vampiric Draining (dangerous; 8% risk of failure)
Press: ? - help, Shift-Dir - straight line, f/p - ice beast
Aim: an ice beast (moderately wounded)
You draw life force from the ice beast!
You feel life coursing into your body.
The ice beast hits you but does no damage.
Casting: Vampiric Draining (dangerous; 8% risk of failure)
Confirm with . or Enter, or press ? or * to list all spells.
Aiming: Vampiric Draining (dangerous; 8% risk of failure)
Press: ? - help, Shift-Dir - straight line, f/p - ice beast
Aim: an ice beast (heavily wounded)
You draw life force from the ice beast.
You feel life coursing into your body. The ice beast hits you.
* * * LOW HITPOINT WARNING * * *
The ice beast freezes you!
You die...

#.#.........#
#.##.......#
#.........##
#........# #..##.#..#
#####..#..#..#
.........##..#
###.#...Y....# #####
#.....@..#### #...#
##....#.....# #.#.#
#.###.#.....###.#.####
#.#
#.#.........#....## #.
..#).....#######... #
###<........#....#.
###.#####.#.#### #.#
#.#.# #.......##...#


You could see an ice beast.

Vanquished Creatures
  An ogre (D:5)
  2 scorpions (D:5)
  A gnoll bouda (D:5)
  4 hounds
  A sleepcap (D:5)
  4 iguanas
  12 gnolls
  8 adders
  2 white imps
  A worm (D:4)
  3 dart slugs
  10 orcs
  4 endoplasms
  8 goblins
  4 hobgoblins
  A quokka (D:1)
  6 ball pythons
  4 bats
  4 frilled lizards
  5 kobolds
  A rat (D:2)
86 creatures vanquished.

Notes
Turn   | Place    | Note
-------+----------+-------------------------------------------
     0 | D:1      | Esekla the Deep Elf Wanderer began the quest for the Orb.
     0 | D:1      | Esekla set off with the following items: a +0 club, a
                  | potion of lignification, a +0 robe, a +0 buckler; and the
                  | following spells available to memorise: Apportation, Blink,
                  | Lesser Beckoning, Magic Dart, Ignite Poison, Vampiric
                  | Draining.
     0 | D:1      | Reached XP level 1. HP: 10/10 MP: 7/7
     2 | D:1      | Learned a level 1 spell: Magic Dart
     4 | D:1      | Learned a level 1 spell: Apportation
   255 | D:2      | Found Renulab's Jewellery Shop.
   531 | D:4      | Found a radiant altar of Vehumet.
   539 | D:4      | Found an iron altar of Okawaru.
   550 | D:4      | Found a glowing silver altar of Zin.
   636 | D:4      | Became a worshipper of Vehumet
   840 | D:3      | Reached XP level 2. HP: 15/15 MP: 5/9
   843 | D:3      | Learned a level 2 spell: Blink
  1030 | D:3      | Identified the +5 rapier of the Hero {heavy, rN+ Dex+3}
  1093 | D:2      | Reached skill level 5 in Spellcasting
  1093 | D:2      | Reached skill level 1 in Necromancy
  1189 | D:2      | Reached XP level 3. HP: 2/19 MP: 5/11
  1193 | D:2      | Learned a level 3 spell: Ignite Poison
  1197 | D:2      | Learned a level 3 spell: Vampiric Draining
  1365 | D:2      | Found a faded altar of an unknown god.
  1509 | D:1      | Reached * piety under Vehumet
  1509 | D:1      | Offered knowledge of Sandblast by Vehumet.
  1513 | D:1      | Reached XP level 4. HP: 19/24 MP: 11/13
  1597 | D:1      | Reached skill level 1 in Dodging
  1893 | D:2      | Noticed a black bear
  1924 | D:2      | Reached skill level 6 in Spellcasting
  2095 | D:3      | Found a stormy altar of Qazlal.
  2149 | D:3      | Found a hazy altar of Hepliaklqana.
  2151 | D:3      | Found a bloodstained altar of Trog.
  2158 | D:3      | Reached XP level 5. HP: 26/28 MP: 16/16
  2433 | D:4      | Reached skill level 7 in Spellcasting
  2466 | D:5      | Entered Level 5 of the Dungeon
  2472 | D:5      | Got the Parchment of the Lumpy Olives
  2500 | D:5      | Found a shadowy altar of Dithmenos.
  2609 | D:5      | Reached XP level 6. HP: 21/32 MP: 7/18
  2880 | D:4      | Reached skill level 8 in Spellcasting
  3253 | D:4      | Found Ponaysk's Antique Weapon Boutique.
  3386 | D:4      | Found a glowing golden altar of the Shining One.
  3572 | D:5      | Reached skill level 1 in Conjurations
  3572 | D:5      | Reached XP level 7. HP: 19/36 MP: 11/21
  3593 | D:5      | Offered knowledge of Kiss of Death by Vehumet.
  3684 | D:5      | Reached skill level 1 in Short Blades
  3684 | D:5      | Reached skill level 9 in Spellcasting
  3844 | D:5      | Reached ** piety under Vehumet
  3911 | D:6      | Noticed Blork the orc
  3962 | D:6      | Slain by an ice beast

Illustrated notes

Levels and vault maps discovered:
D:1:      sevenhm_arrival_forest_fort_small_3, layout_rooms,
          chequers_serial_rivers_room_b, minmay_misc_feat_five
D:2:      layout_loops_ring, dreamdust_ecumenical_altar_angels_and_demons,
          serial_shops, shop
D:3:      layout_basic, grunt_temple_overflow_open, minmay_misc_feat_iff
D:4:      layout_basic, nicolae_overflow_quartered_altars, serial_shops,
          nicolae_diamond_shop
D:5:      layout_loops_ring, lemuel_doored_altar, minmay_misc_feat_rows,
          dreamdust_wishing_well
D:6:      layout_loops_cross, fedhas_altar_fruit_tree,
          minmay_temple_entry_glass, uniq_pikel, uniq_blork_the_orc

Skill      XL: |  1  2  3  4  5  6  7 |
---------------+----------------------+-----
Spellcasting   | 5 6 7 8 9 |  9.2
Necromancy     | 1 2 3 |  3.6
Dodging        | 1 2 3 |  3.6
Conjurations   | 1 |  1.3
Short Blades   | 1 |  1.3
Translocations | 3 |  3.0
Throwing       | |  0.3
Stealth        | |  1.6
Shields        | |  1.6
Fire Magic     | |  0.1
Invocations    | |  1.0

Action                     |  1- 3 |  4- 6 |  7- 9 || total
---------------------------+-------+-------+-------++-------
  Melee: Short sword       |    12 |       |       ||    12
         Rapier            |    28 |    31 |     9 ||    68
         Dagger            |       |    31 |    27 ||    58
  Throw: Dart              |       |    16 |     7 ||    23
   Cast: Apportation       |    25 |    25 |    11 ||    61
         Magic Dart        |    39 |    70 |    14 ||   123
         Vampiric Draining |     2 |    27 |    10 ||    39
         Blink             |       |     2 |     2 ||     4
         Ignite Poison     |       |       |     1 ||     1
    Use: Scroll            |     1 |       |       ||     1
   Stab: Sleeping          |     3 |     2 |       ||     5
 Armour: Robe              |    20 |    13 |    13 ||    46
  Dodge: Dodged            |    42 |    40 |    25 ||   107
  Block: Buckler           |     6 |    16 |     7 ||    29
